 Dungeon Crawl Stone Soup version 0.31.0-11-ge490571c62 (webtiles) character file.

Game seed: 11830637720956560050

67748 browni3141 the Severer (level 14, 0/135 HPs)
             Began as a Minotaur Fighter on Jan 28, 2024.
             Was a High Priest of Okawaru.
             Incinerated by a sun moth (6 damage)
             ... with a flurry of pyrophoric scales
             ... on level 4 of the Spider Nest.
             The game lasted 00:15:31 (13720 turns).

browni3141 the Severer (Minotaur Fighter)          Turns: 13720, Time: 00:15:31

Health: 0/135      AC: 46    Str: 27    XL:     14   Next: 84%
Magic:  28/29      EV: 24    Int:  4    God:    Okawaru [*****.]
Gold:   661        SH:  9    Dex: 17    Spells: 13/13 levels left

rFire   . . .        O - +9 broad axe (vamp)
rCold   . . .        Y - +0 buckler of the Supporting Gods {rPois MP+9}
rNeg    . . .        e - +7 crystal plate armour "Hozuyzit" {Str+3}
rPois   +            i - +2 hat {Will+}
rElec   .            T - +2 cloak {Stlth+}
rCorr   .            x - +0 pair of gloves
SInv    +            F - +0 pair of boots {rampage}
Will    +++..        v - amulet of the acrobat Stlth
                     M - ring "Ceyqip" {AC+4 Dex+2}
HPRegen 0.42/turn    a - ring of see invisible
MPRegen 0.21/turn

%: acrobat, rampage
@: on fire, heroic, acrobatic, glowing, studying Fighting
A: horns 2, retaliatory headbutt, hooves 1, agile 1, strong-willed 1
a: Renounce Religion, Heroism, Finesse, Duel


You were on level 4 of the Spider Nest.
You worshipped Okawaru.
Okawaru was extremely pleased with you.
You visited 4 branches of the dungeon, and saw 17 of its levels.
You also visited: Bailey.

You collected 1295 gold pieces.
You spent 634 gold pieces at shops.

Inventory:

Hand Weapons
 N - a +4 broad axe of flaming
 O - a +9 vampiric broad axe (weapon)
Missiles
 l - 11 boomerangs (quivered)
 C - 7 javelins
 I - 2 silver javelins
 L - a throwing net
Armour
 e - the +7 crystal plate armour "Hozuyzit" (worn) {Str+3}
   (Okawaru gifted it to you on level 4 of the Spider Nest)

   Str+3:     It affects your strength (+3).
 i - a +2 hat of willpower (worn)
 x - a +0 pair of gloves (worn)
 F - a +0 pair of boots of rampaging (worn)
 T - a +2 cloak of stealth (worn)
 Y - the +0 buckler of the Supporting Gods (worn) {rPois MP+9}
   (You acquired it on level 3 of the Spider Nest)

   rPois:     It protects you from poison MP+9: It affects your magic capacity
   (+9).
Jewellery
 a - a ring of see invisible (right hand)
 v - an amulet of the acrobat (around neck)
 A - a +6 ring of strength
 D - a ring of poison resistance
 M - the ring "Ceyqip" (left hand) {AC+4 Dex+2}
   (You found it on level 9 of the Dungeon)

   [ring of protection]

   AC+4:      It affects your AC (+4).
   Dex+2:     It affects your dexterity (+2).
 V - a ring of positive energy
Wands
 n - a wand of mindburst (12)
 G - a wand of flame (17)
 H - a wand of quicksilver (4)
 W - a wand of iceblast (6)
Scrolls
 f - a scroll of silence
 h - 4 scrolls of amnesia
 m - a scroll of torment
 u - 2 scrolls of enchant armour
 y - 2 scrolls of blinking
 z - a scroll of summoning
 B - 8 scrolls of teleportation
 Q - 2 scrolls of fog
 R - 3 scrolls of revelation
 S - 2 scrolls of fear
 U - a scroll of enchant weapon
 X - a scroll of noise
 Z - a scroll of immolation
Potions
 d - a potion of attraction
 j - 3 potions of haste {unknown}
 k - a potion of cancellation {unknown}
 o - 2 potions of curing
 p - a potion of berserk rage {unknown}
 q - 2 potions of mutation
 s - 2 potions of brilliance
 t - a potion of ambrosia
 E - a potion of enlightenment {unknown}
 J - 2 potions of lignification {unknown}
 K - 2 potions of magic {unknown}
 P - a potion of might
Miscellaneous
 b - a lightning rod (3/4)


   Skills:
 + Level 15.4(20.4) Fighting
 * Level 17.6(22.6) Axes
 * Level 8.4(13.4) Throwing
 * Level 13.2(18.2) Armour
 + Level 13.1(18.1) Shields
 * Level 9.8 Invocations


You had 13 spell levels left.
You didn't know any spells.
Your spell library contained the following spells:

 Spells                   Type           Power      Damage    Failure   Level
 Necrotise                Necr           0%         1d4       100%        1
 Sting                    Conj/Alch      0%         1d3       100%        1
 Jinxbite                 Hex            0%         N/A       100%        2
 Lesser Beckoning         Tloc           0%         N/A       100%        2
 Mercury Vapours          Alch/Air       0%         N/A       100%        2
 Scorch                   Fire           0%         2d5       100%        2
 Gell's Gravitas          Tloc           0%         N/A       100%        3
 Hailstorm                Conj/Ice       0%         3d5       100%        3
 Teleport Other           Tloc           0%         N/A       100%        3
 Vampiric Draining        Necr           0%         2d6       100%        3
 Flame Wave               Conj/Fire      0%         2d4       100%        4
 Olgreb's Toxic Radiance  Alch           0%         N/A       100%        4
 Passage of Golubria      Tloc           0%         N/A       100%        4
 Curse of Agony           Necr           0%         N/A       100%        5
 Yara's Violent Unravell  Hex/Alch       0%         3d3       100%        5
 Enfeeble                 Hex            0%         N/A       100%        7
 Summon Ice Beast         Ice/Summ       Unusable   N/A       N/A         3
 Tukima's Dance           Hex            Unusable   N/A       N/A         3
 Martyr's Knell           Necr/Summ      Unusable   N/A       N/A         4
 Sculpt Simulacrum        Ice/Alch       Unusable   N/A       N/A         6
 Summon Cactus Giant      Summ           Unusable   N/A       N/A         6

Dungeon Overview and Level Annotations

Branches:
Dungeon (10/15)            Temple (1/1) D:5            Lair (2/5) D:10
 Spider (4/4) Lair:2          Orc (0/2) D:9          Bailey (visited)
  Swamp: Lair:2-3    Shoals: Lair:2-3

Altars:
Ashenzari
Cheibriados
Dithmenos
Elyvilon
Fedhas
Gozag
Hepliaklqana
Kikubaaqudgha
Makhleb
Nemelex Xobeh
Okawaru
Qazlal
Ru
Sif Muna
Trog
Uskayaw
Vehumet
Wu Jian
Xom
Yredelemnul
Zin
The Shining One

Shops:
D:1 ?=[   D:5 !   D:6 !   D:7 =

Annotations:
Spider:2 3 runed translucent doors, BubbleThief's ghost, adept NaAl


Innate Abilities, Weirdness & Mutations

You have a pair of horns on your head.
You reflexively headbutt those who attack you in melee.
You have large cloven feet.
You are agile. (Dex +4, Str/Int -1)
You are strong-willed. (Will+)


Message History

You barely miss the sun moth. You hit the steelbarb worm.
You feel better. The liquid fire burns you! The steelbarb worm hits you.
Barbed spikes become lodged in your body.
You block the sun moth's attack.
An orb spider comes into view.
Your life force feels restored.
You slash the steelbarb worm!
You feel better.
The steelbarb worm is heavily wounded.
You barely miss the sun moth. The liquid fire burns you!
The steelbarb worm hits you.
Barbed spikes become lodged in your body.
The sun moth bites you!
You slash the steelbarb worm!
You feel better.
You headbutt the steelbarb worm, but do no damage.
The steelbarb worm is heavily wounded.
You slash the sun moth!
You feel better. The liquid fire burns you!
The orb spider begins to weave its threads into a brightly glowing ball.
The steelbarb worm hits you but does no damage.
The sun moth closely misses you.
You hit the steelbarb worm but do no damage.
The steelbarb worm is heavily wounded.
You barely miss the sun moth. The liquid fire burns you!
You block the steelbarb worm's attack.
The sun moth bites you but does no damage.
You slash the steelbarb worm!
Your headbutt misses the steelbarb worm.
The steelbarb worm is severely wounded.
You hit the sun moth.
You feel better. The liquid fire burns you!
The orb spider weaves a glowing orb of energy.
You block the sun moth's attack.
The steelbarb worm hits you but does no damage.
An orb of destruction comes into view.
You slice the steelbarb worm!!
You feel better.
You kill the steelbarb worm!
Okawaru accepts your kill.
You hit the sun moth. The liquid fire burns you!
You block the sun moth's attack.
You closely miss the sun moth.
The sun moth is moderately wounded.
The liquid fire burns you!
You slice the sun moth!! Your headbutt misses the sun moth.
The sun moth is severely wounded.
The liquid fire burns you! The sun moth bites you!
You closely miss the sun moth. You headbutt the sun moth!
The sun moth is almost dead.
The liquid fire burns you! The orb of destruction hits you!!
You block the sun moth's attack.
Unknown command.
You feel much better. The liquid fire burns you!
The sun moth's wings beat fiercely.
The flurry of pyrophoric scales hits you.
You are even more covered in intense liquid fire!
You feel much better. The liquid fire burns you!
You block the sun moth's attack. x2
You barely miss the sun moth.
The sun moth is almost dead.
The liquid fire burns you!
The orb spider spins a strand of pure energy.
You gain the combat prowess of a mighty hero.
The liquid fire burns you!
The sun moth barely misses you. x2; You furiously retaliate!
You headbutt the sun moth!
You kill the sun moth!
Okawaru accepts your kill.
You feel much better. The liquid fire burns you!
Okay, then.
Okay, then.
Okay, then.
Aiming: Thunderbolt
Press: ? - help, Shift-Dir - straight line, f - orb spider
Aim: an orb spider (fully charged)
The thunderbolt hits the orb spider.
The orb spider is lightly wounded.
The liquid fire burns you!
The orb spider weaves a glowing orb of energy.
An orb of destruction comes into view.
You feel much better. The liquid fire burns you!
You carefully extract the barbed spikes from your body.
Blink to where?
Press: ? - help, Dir - move target, p - orb spider
As you read the scroll of blinking, it crumbles to dust.
The liquid fire burns you!
You feel much better. The liquid fire burns you!
You shake off some of the fire as you move.
The liquid fire burns you!
You shake off some of the fire as you move.
The liquid fire burns you!
You die...

#..........#^..^.....(.
#.^...#................
#...<.......^..........
#.....○.#..............^
#^....○...........^..... .^..
#.^....°............^^^..^...
#.......*.................^..
#..............(..^.....(....
#...........@.....^^........^
#..........................^.
#....^.......^..<............
#............................
#.....................^..#...
#........[...................
#.....................†.^....
#......^..............†[.....
#......................†..^..


There were no monsters in sight!

Vanquished Creatures
  Arachne (Spider:3)
  Gastronok (D:10)
  3 emperor scorpions (Spider:3)
  A ghost moth (Spider:3)
  An orc warlord (Bailey)
  A broodmother (Spider:3)
  2 entropy weavers (Spider:1)
  Erolcha (D:10)
  2 two-headed ogres
  5 death yaks (D:10)
  3 boulder beetles
  4 jorogumos
  A radroach (Spider:3)
  A death scarab (Spider:2)
  Nergalle (Lair:1)
  6 pharaoh ants
  6 orb spiders
  A sun moth (Spider:4)
  The ghost of unlimited1921 the Thaumaturge, a novice DjFE of Ashenzari (D:7)
  5 steelbarb worms
  An orc knight (Bailey)
  17 wolf spiders
  A moth of wrath (Spider:2)
  Maurice (D:7)
  A meliai (Spider:3)
  3 elephants (Lair:1)
  2 cane toads
  4 torpor snails
  Jeremiah (D:8)
  2 unseen horror zombies (D:8)
  5 komodo dragons (Lair:1)
  A troll (D:9)
  2 polar bears (Lair:1)
  4 blink frogs (Lair:1)
  29 tarantellas
  Grinder (D:3)
  16 culicivoras
  26 jumping spiders
  2 wyverns
  3 yaks (Lair:2)
  36 redbacks
  A vampire mosquito (D:7)
  An acid dragon (D:10)
  5 water moccasins
  17 orc warriors
  An ice beast (Temple)
  3 black bears
  A sky beast (D:8)
  2 ogres
  4 centaurs
  5 phantoms
  2 kobold brigands (D:10)
  Blork the orc (D:4)
  5 bullfrogs
  A gnoll sergeant (D:8)
  2 scorpions
  5 wights (D:8)
  6 killer bees
  2 howler monkeys
  An electric eel (Lair:1)
  A bombardier beetle (D:6)
  4 jellies (D:6)
  3 centaur zombies (D:8)
  A gnoll bouda (D:9)
  7 hounds
  4 orc priests
  3 iguanas
  15 orc wizards
  2 killer bee zombies (D:8)
  A howler monkey zombie (D:8)
  9 adders
  23 gnolls
  5 dart slugs
  5 ribbon worms
  54 orcs
  5 ball pythons
  6 endoplasms
  5 giant cockroaches
  18 goblins
  18 hobgoblins
  4 quokkas
  5 bats
  A frilled lizard (D:3)
  21 kobolds
  6 rats
496 creatures vanquished.

Vanquished Creatures (others)
  A wolf spider (Spider:2)
1 creature vanquished.

Grand Total: 497 creatures vanquished

Notes
Turn   | Place    | Note
-------+----------+-------------------------------------------
     0 | D:1      | browni3141 the Minotaur Fighter began the quest for the
                  | Orb.
     0 | D:1      | Reached XP level 1. HP: 19/19 MP: 0/0
    32 | D:1      | Reached XP level 2. HP: 13/27 MP: 1/1
    95 | D:1      | Found Ipauquz's Magic Scroll Shoppe.
   167 | D:1      | Reached skill level 3 in Axes
   233 | D:1      | Found Qaelip's Jewellery Boutique.
   282 | D:1      | Reached XP level 3. HP: 33/33 MP: 2/2
   421 | D:1      | Found Mauloq's Armour Emporium.
   627 | D:2      | Found a sacrificial altar of Ru.
  1140 | D:3      | Reached XP level 4. HP: 39/40 MP: 3/3
  1149 | D:3      | Reached skill level 4 in Axes
  1247 | D:3      | Reached XP level 5. HP: 39/47 MP: 4/4
  1418 | D:3      | Noticed Grinder
  1432 | D:3      | Paralysed by Grinder for 3 turns
  1439 | D:3      | Killed Grinder
  1440 | D:3      | Reached skill level 5 in Axes
  1440 | D:3      | Reached skill level 5 in Armour
  1440 | D:3      | Reached skill level 5 in Shields
  1440 | D:3      | Reached XP level 6. HP: 50/55 MP: 5/5
  1457 | D:3      | Noticed a shadow
  1458 | D:3      | Found a shadowy altar of Dithmenos.
  1459 | D:3      | Found a hazy altar of Hepliaklqana.
  1717 | D:3      | Reached skill level 5 in Fighting
  2273 | D:4      | Noticed Blork the orc
  2289 | D:4      | Killed Blork the orc
  2290 | D:4      | Reached skill level 6 in Axes
  2377 | D:4      | Reached XP level 7. HP: 61/61 MP: 6/6
  2881 | D:5      | Entered Level 5 of the Dungeon
  3018 | D:1      | Bought a +0 pair of gloves for 58 gold pieces
  3088 | D:5      | Found a staircase to the Ecumenical Temple.
  3110 | Temple   | Entered the Ecumenical Temple
  3150 | D:5      | Found an iron altar of Okawaru.
  3215 | D:5      | Became a worshipper of Warmaster Okawaru
  3257 | D:5      | Reached skill level 7 in Axes
  3465 | D:5      | Found a shimmering altar of Xom.
  3605 | D:5      | Found Canorphit's Distillery.
  3627 | D:5      | Reached XP level 8. HP: 67/70 MP: 7/7
  4025 | D:5      | Bought 2 potions of curing for 66 gold pieces
  4025 | D:5      | Bought a potion of heal wounds for 55 gold pieces
  4111 | D:6      | Gained mutation: You have large cloven feet. [potion of
                  | mutation]
  4111 | D:6      | Gained mutation: You are strong-willed. (Will+) [potion of
                  | mutation]
  4111 | D:6      | Gained mutation: You are agile. (Dex +4, Str/Int -1)
                  | [potion of mutation]
  4293 | D:6      | Reached skill level 8 in Axes
  4374 | D:6      | Reached * piety under Okawaru
  4584 | D:6      | Found Ocipp's Distillery.
  4597 | D:6      | Bought a potion of heal wounds for 50 gold pieces
  4781 | D:6      | Found a snail-covered altar of Cheibriados.
  4814 | D:6      | Reached skill level 9 in Axes
  5079 | D:7      | Reached XP level 9. HP: 66/79 MP: 8/8
  5130 | D:7      | Found a runed translucent gate.
  5131 | D:7      | Found a runed translucent gate.
  5131 | D:7      | Found a runed translucent gate.
  5132 | D:7      | Found an opulent altar of Gozag.
  5133 | D:7      | Noticed unlimited1921's ghost (novice DjFE)
  5142 | D:7      | You fall into a shaft and drop 3 floors!
  5142 | D:10     | Entered Level 10 of the Dungeon
  5143 | D:10     | Noticed Erolcha
  5148 | D:10     | Killed Erolcha
  5148 | D:10     | Reached ** piety under Okawaru
  5196 | D:10     | Reached skill level 10 in Axes
  5430 | D:10     | Noticed a death yak
  5430 | D:10     | Noticed a death yak
  5433 | D:10     | Noticed a death yak
  5433 | D:10     | Noticed a death yak
  5433 | D:10     | Noticed a death yak
  5440 | D:10     | Noticed a two-headed ogre
  5451 | D:10     | Killed a death yak
  5457 | D:10     | Killed a death yak
  5458 | D:10     | Reached skill level 11 in Axes
  5458 | D:10     | Reached XP level 10. HP: 54/90 MP: 7/9
  5465 | D:10     | Killed a death yak
  5465 | D:10     | Reached *** piety under Okawaru
  5475 | D:10     | Killed a death yak
  5478 | D:10     | Killed a two-headed ogre
  5478 | D:10     | Reached **** piety under Okawaru
  5479 | D:10     | Reached skill level 12 in Axes
  5483 | D:10     | Killed a death yak
  5671 | D:10     | Found a staircase to the Lair.
  5673 | D:10     | Noticed Gastronok
  5689 | D:10     | Killed Gastronok
  5689 | D:10     | Reached ***** piety under Okawaru
  6063 | D:10     | Reached XP level 11. HP: 99/99 MP: 10/10
  6065 | D:10     | Reached skill level 13 in Axes
  6202 | D:9      | Noticed a two-headed ogre
  6211 | D:9      | Killed a two-headed ogre
  6211 | D:9      | Received a gift from Okawaru
  6212 | D:9      | Reached skill level 10 in Fighting
  6212 | D:9      | Reached skill level 10 in Armour
  6212 | D:9      | Reached skill level 10 in Shields
  6444 | D:9      | Found a burning altar of Makhleb.
  6444 | D:9      | Found an opulent altar of Gozag.
  6445 | D:9      | Found a hide-covered altar of Uskayaw.
  6660 | D:9      | Found a staircase to the Orcish Mines.
  6985 | D:9      | Identified the ring "Ceyqip" {AC+4 Dex+2}
  7234 | D:8      | Noticed Jeremiah
  7242 | D:8      | Killed Jeremiah
  7535 | D:8      | Found a flagged portal.
  7546 | Bailey   | Entered a bailey
  7682 | Bailey   | Noticed an orc knight
  7696 | Bailey   | Killed an orc knight
  7697 | Bailey   | Reached skill level 1 in Invocations
  7741 | Bailey   | Noticed an orc warlord
  7752 | Bailey   | Killed an orc warlord
  7753 | Bailey   | Reached skill level 14 in Axes
  7857 | Bailey   | Received a gift from Okawaru
  7964 | Bailey   | Acquired a manual of Fighting
  8177 | D:8      | Found a basalt altar of Yredelemnul.
  8617 | D:7      | Found a blossoming altar of Fedhas.
  8626 | D:7      | Noticed a boulder beetle
  8637 | D:7      | Killed a boulder beetle
  8703 | D:7      | Found Ysoeddin's Jewellery Shop.
  8935 | D:7      | Noticed Maurice
  8960 | D:7      | Something stole 12 boomerangs
  8962 | D:7      | Killed Maurice
  9333 | D:7      | Killed unlimited1921's ghost
  9334 | D:7      | Reached XP level 12. HP: 110/110 MP: 10/13
  9498 | Lair:1   | Entered Level 1 of the Lair of Beasts
  9633 | Lair:1   | Received a gift from Okawaru
 10163 | Lair:1   | Reached skill level 1 in Throwing
 10163 | Lair:1   | Reached skill level 5 in Invocations
 10290 | Lair:1   | Reached skill level 15 in Axes
 10637 | Lair:1   | Noticed Nergalle
 10646 | Lair:1   | Killed Nergalle
 10995 | D:1      | Bought a scroll of brand weapon for 95 gold pieces
 10995 | D:1      | Bought a scroll of immolation for 40 gold pieces
 10995 | D:1      | Bought a scroll of teleportation for 30 gold pieces
 10995 | D:1      | Bought a scroll of teleportation for 30 gold pieces
 10995 | D:1      | Bought a scroll of teleportation for 30 gold pieces
 11321 | Lair:2   | Found a hole to the Spider Nest.
 11345 | Spider:1 | Entered Level 1 of the Spider Nest
 11363 | Spider:1 | Noticed a jorogumo
 11378 | Spider:1 | Killed a jorogumo
 11379 | Spider:1 | Noticed an entropy weaver
 11387 | Spider:1 | Killed an entropy weaver
 11389 | Spider:1 | Received a gift from Okawaru
 11438 | Spider:1 | Noticed an entropy weaver
 11448 | Spider:1 | Killed an entropy weaver
 11470 | Spider:1 | Reached XP level 13. HP: 34/119 MP: 16/16
 11663 | Spider:1 | Received a gift from Okawaru
 11728 | Spider:1 | Reached skill level 5 in Throwing
 11755 | Spider:2 | Reached skill level 16 in Axes
 11873 | Spider:2 | Found a runed translucent gate.
 11874 | Spider:2 | Found a runed translucent gate.
 11875 | Spider:2 | Found a runed translucent gate.
 11876 | Spider:2 | Noticed BubbleThief's ghost (adept NaAl)
 11876 | Spider:2 | Noticed a spark wasp
 11877 | Spider:2 | Noticed a broodmother
 11969 | Spider:3 | Noticed an emperor scorpion
 11977 | Spider:3 | Received a gift from Okawaru
 11982 | Spider:3 | Killed an emperor scorpion
 12007 | Spider:3 | Noticed Arachne
 12036 | Spider:3 | Killed Arachne
 12186 | Spider:3 | Noticed an emperor scorpion
 12208 | Spider:3 | Killed an emperor scorpion
 12208 | Spider:3 | Received a gift from Okawaru
 12214 | Spider:3 | Reached XP level 14. HP: 132/132 MP: 19/19
 12301 | Spider:3 | Noticed an emperor scorpion
 12312 | Spider:3 | Killed an emperor scorpion
 12312 | Spider:3 | Received a gift from Okawaru
 12319 | Spider:3 | Acquired the +0 buckler of the Supporting Gods {rPois MP+9}
 12344 | Spider:3 | Reached skill level 17 in Axes
 12353 | Spider:3 | Noticed a broodmother
 12362 | Spider:3 | Killed a broodmother
 12420 | Spider:3 | Killed a ghost moth
 12916 | D:1      | Bought a ring of see invisible for 180 gold pieces
 13257 | Spider:2 | Paralysed by a jorogumo for 3 turns
 13269 | Spider:2 | Reached skill level 15 in Fighting
 13278 | Spider:2 | Received a gift from Okawaru
 13523 | Spider:4 | Entered Level 4 of the Spider Nest
 13577 | Spider:4 | Reached ****** piety under Okawaru
 13578 | Spider:4 | Acquired a +4 broad axe of flaming
 13578 | Spider:4 | Received a gift from Okawaru
 13580 | Spider:4 | Acquired the +7 crystal plate armour "Hozuyzit" {Str+3}
 13580 | Spider:4 | Received a gift from Okawaru
 13620 | Spider:4 | Received a gift from Okawaru
 13709 | Spider:4 | HP: 1/135 [disintegration[a sun moth] (35)]
 13715 | Spider:4 | HP: 6/135 [burnt (15)]
 13720 | Spider:4 | Incinerated by a sun moth

Illustrated notes

Levels and vault maps discovered:
D:1:      dpeg_arrival_long_road, layout_rooms, serial_shops, shop,
          nicolae_shop_gaudy_bauble, nicolae_shop_gibbet_a_chance,
          serial_bayou_pond_d
D:2:      layout_basic, basic_altar
D:3:      layout_loops_cross, riverfiend_overflow_shadow_ancestor, serial_bayou,
          serial_bayou_pond_b, serial_bayou_ford_a, serial_bayou_pond_a,
          serial_bayou_pond_d, serial_bayou_crossing, serial_bayou_lake_a,
          chequers_serial_rivers_micro_c, uniq_grinder
D:4:      minmay_skewed_foursquare, layout_cave_pools, amethyst_killhole,
          uniq_blork_the_orc
D:5:      layout_basic, mainiacjoe_overflow_surrounded_room,
          mainiacjoe_overflow_cross_hatched, minmay_temple_entry_stoned_glass,
          st_stairs_12, nicolae_inconvenience_store,
          hangedman_abyss_or_decor_lesser_grid,
          serial_library_hellmonk_long_bookcase
D:6:      layout_gridville, slow_altar_2, serial_shops, shop,
          serial_library_hellmonk_small_alcove
D:7:      layout_basic, old_standard_altar, ebering_ghost_gozag, serial_shops,
          nicolae_shop_behind_doors, uniq_maurice
D:8:      layout_loops_ring, nicolae_yredelemnul_corpse_copse, enter_bailey_2,
          amcnicky_mini_pool_small, uniq_jeremiah
D:9:      layout_basic, gammafunk_temple_overflow_claw, hiddenorc1_lemuel
D:10:     layout_loops_ring, dpeg_lair_monsters, kennysheep_generic_room_5,
          uniq_gastronok, uniq_erolcha
Temple:   hellmonk_temple_two_chambers
Lair:1:   layout_roguey, chequers_serial_rivers_room_a,
          nicolae_lair_grove_arrangements, chequers_serial_rivers_micro_c,
          gammafunk_lair_bear_cave, infiniplex_staircase_pool, uniq_nergalle
Lair:2:   layout_roguey, minmay_shoals_entry_lonely_mermaid,
          nicolae_spider_entry_non_spiders, enter_volcano_2,
          dreamdust_mushroom_princess, lemuel_another_geyser
Spider:1: nicolae_spider_jumping_over_cracks [nicolae_spider_jumping_sub_notch,
          nicolae_spider_jumping_sub_shuffled, nicolae_spider_jumping_sub_lake,
          nicolae_spider_jumping_sub_plain], hangedman_spider_mandibles
Spider:2: nicolae_spider_obnoxious_hallway, gammafunk_ghost_split,
          hangedman_spider_trapstep, uniq_donald
Spider:3: layout_spider_delve, nicolae_arachne_temple
Spider:4: grunt_spider_rune_parallel, uniq_mara

Skill      XL: |  1  2  3  4  5  6  7  8  9 10 11 12 13 14 |
---------------+-------------------------------------------+-----
Axes           | 3 4 5 6 7 9 11 12 14 15 16 17 | 17.6
Shields        | 4 5 6 7 8 9 11 12 13 | 13.1
Fighting       | 4 5 6 7 8 9 11 12 14 15 | 15.4
Armour         | 4 5 6 7 8 9 11 12 13 | 13.2
Invocations    | 3 6 8 9 |  9.8
Throwing       | 4 6 8 |  8.4

Action                     |  1- 3 |  4- 6 |  7- 9 | 10-12 | 13-15 || total
---------------------------+-------+-------+-------+-------+-------++-------
  Melee: War axe           |    62 |    92 |   249 |   246 |       ||   649
         Headbutt          |    10 |     8 |    47 |    98 |    80 ||   243
         Broad axe         |       |       |       |   280 |   405 ||   685
  Throw: Boomerang         |       |       |     1 |     8 |    39 ||    48
         Javelin           |       |       |       |       |    10 ||    10
 Invoke: Heroism           |       |       |     2 |     7 |     8 ||    17
         Receive Weapon    |       |       |       |       |     1 ||     1
         Receive Armour    |       |       |       |       |     1 ||     1
  Evoke: Lightning rod     |       |       |       |       |     1 ||     1
    Use: Scroll            |       |       |     8 |    10 |     3 ||    21
         Potion            |       |       |     5 |     4 |     8 ||    17
   Stab: Invisible         |       |       |       |     1 |       ||     1
         Held in net/web   |       |       |       |       |     1 ||     1
 Armour: Scale mail        |    14 |       |       |       |       ||    14
         Plate armour      |    34 |    65 |   248 |   462 |   498 ||  1307
         Crystal plate arm |       |       |       |       |    21 ||    21
  Dodge: Dodged            |    16 |    18 |    72 |   168 |   169 ||   443
  Block: Buckler           |    14 |    24 |    65 |   195 |   166 ||   464
